 Dungeon Crawl Stone Soup version 0.30-a0-760-g5a9884bb7c (webtiles) character file.

Game seed: 2623918876853852886

1867 mopl the Covert (level 9, 0/44 HPs)
             Began as a Vine Stalker Brigand on Feb 10, 2023.
             Was an Initiate of Kikubaaqudgha.
             Succumbed to Amaemon's poison
             ... on level 8 of the Dungeon.
             The game lasted 00:08:16 (3741 turns).

mopl the Covert (Vine Stalker Brigand)              Turns: 3741, Time: 00:08:17

Health: 0/44       AC:  5    Str: 14    XL:     9   Next: 13%
Magic:  1/13       EV: 11    Int: 19    God:    Kikubaaqudgha [......]
Gold:   249        SH:  0    Dex: 18    Spells: 10/12 levels left

rFire   . . .      SeeInvis .    a - +2 dagger
rCold   + . .      Faith    .    (no shield)
rNeg    . . .      Spirit   +    E - +1 robe {rC+}
rPois   .          Reflect  .    (no helmet)
rElec   .          Harm     .    c - +0 cloak
rCorr   .          Rampage  .    m - +0 pair of gloves
Will    .....                    (no boots)
Stlth   ++++                     p - amulet of regeneration
HPRegen 1.87/turn                C - +6 ring of intelligence
MPRegen 0.13/turn                (no ring)

@: lethally poisoned (0 -> -6), weak-willed, slowed, very slow
A: fangs 3, regeneration 1, magic shield, antimagic bite, no potion heal 2
a: Renounce Religion


You were on level 8 of the Dungeon.
You worshipped Kikubaaqudgha.
Kikubaaqudgha was noncommittal.
You visited 2 branches of the dungeon, and saw 8 of its levels.

You collected 249 gold pieces.

Inventory:

Hand Weapons
 a - a +2 dagger (weapon)
 u - a +0 rapier
Missiles
 e - 3 curare-tipped darts
 l - 2 boomerangs
 s - 6 poisoned darts (quivered)
Armour
 c - a +0 cloak (worn)
 m - a +0 pair of gloves (worn)
 x - a +0 tower shield
 y - the +3 leather armour of Sobol {rC+}
   (You found it on level 5 of the Dungeon)

   rC:        It protects you from cold.
 E - a +1 robe of cold resistance (worn)
Jewellery
 p - an amulet of regeneration (around neck)
 C - a +6 ring of intelligence (left hand)
Wands
 d - a wand of mindburst (31)
 t - a wand of flame (21)
 v - a wand of iceblast (5)
Scrolls
 g - a scroll of summoning {unknown}
 h - a scroll of fog {unknown}
 i - a scroll of amnesia {unknown}
 j - 3 scrolls of identify
 k - a scroll of silence {unknown}
 n - 4 scrolls of teleportation {unknown}
 o - 4 scrolls of noise {unknown}
 q - 2 scrolls of magic mapping {unknown}
 D - a scroll of torment {unknown}
Potions
 b - a potion of berserk rage {!q}
 r - a potion of degeneration {unknown}
 w - 3 potions of might {unknown}
 z - a potion of haste {unknown}
 A - a potion of resistance {unknown}
 B - 2 potions of ambrosia {unknown}


   Skills:
 + Level 3.0 Fighting
 + Level 5.8 Short Blades
 + Level 5.7 Throwing
 - Level 0.7 Dodging
 + Level 9.4 Stealth
 + Level 2.3 Spellcasting
 + Level 2.3 Necromancy


You had 10 spell levels left.
You knew the following spells:

 Your Spells              Type           Power      Damage    Failure   Level
b - Ensorcelled Hibernat  Hex/Ice        4%         N/A       24%         2

Your spell library contained the following spells:

 Spells                   Type           Power      Damage    Failure   Level
 Sublimation of Blood     Necr           11%        N/A       10%         2
 Wereblood                Tmut           2%         N/A       24%         2
 Dazzling Flash           Conj/Hex       4%         N/A       43%         3
 Inner Flame              Hex/Fire       2%         N/A       43%         3
 Spider Form              Tmut/Pois      2%         N/A       43%         3
 Anguish                  Hex/Necr       3%         N/A       69%         4
 Airstrike                Air            1%         2d(1-17)  85%         4
 Cause Fear               Hex            1%         N/A       85%         4
 Summon Lightning Spire   Summ/Air       2%         N/A       85%         4
 Agony                    Necr           11%        N/A       86%         5
 Lightning Bolt           Conj/Air       1%         1d12      99%         5
 Silence                  Hex/Air        1%         N/A       99%         5
 Summon Hydra             Summ           1%         N/A       100%        7
 Discord                  Hex            1%         N/A       100%        8


Dungeon Overview and Level Annotations

Branches:
Dungeon (8/15)             Temple (1/1) D:6
   Lair: D:8-11

Altars:
Cheibriados
Elyvilon
Kikubaaqudgha
Nemelex Xobeh
Sif Muna
Trog
Vehumet
Xom
Zin
The Shining One

Portals:
Bailey: D:8

Annotations:
D:8 Amaemon


Innate Abilities, Weirdness & Mutations

You have razor-sharp teeth.
Your natural rate of healing is unusually fast.
When hurt, damage is shared between your health and your magic reserves.
Your bite disrupts and absorbs the magic of your enemies.
Potions cannot restore your health.


Message History

Amaemon hits you with a -1 demon whip of venom.
You are more poisoned.
Amaemon claws you but does no damage. Amaemon tail-slaps you.
The scorpion stings you.
The orange demon stings you but does no damage.
You are too injured to fight recklessly!
You are too injured to fight recklessly!
You are too injured to fight recklessly!
You are too injured to fight recklessly!
You are too injured to fight recklessly!
You are too injured to fight recklessly!
Unknown command.
Aiming: Mindburst
Press: ? - help, Shift-Dir - straight line, f - Amaemon
Aim: Amaemon, wielding a -1 demon whip of venom (lightly wounded, magic disrupted, chance to affect: 29%)
Okay, then.
Unknown command.
Unknown command.
Okay, then.
Unknown command.
As you read the scroll labelled VIGYIC TENISM, it crumbles to dust.
It is a scroll of identify.
b - a potion of berserk rage You feel very sick.
The scorpion stings you.
* * * LOW HITPOINT WARNING * * *
Amaemon closely misses you. Amaemon claws you.
* * * LOW HITPOINT WARNING * * *
Amaemon tail-slaps you but does no damage.
The orange demon stings you from afar.
* * * LOW HITPOINT WARNING * * *
The scorpion misses you.
Amaemon hits you with a -1 demon whip of venom!
* * * LOW HITPOINT WARNING * * *
You are lethally poisoned!
Amaemon claws you but does no damage. Amaemon barely misses you.
As you read the scroll labelled WEOFIUTEICH, it crumbles to dust.
Magic quickly surges around you.
It was a scroll of vulnerability.
You die...
Kikubaaqudgha rasps: "You have failed me!
Welcome... death!"

#..##.##########.##....
... #.# #.##.... . #.#
#<##.... # #)# #.......
#. #)# #.......
#..##)##### #.......
#....†)...# #.###...
##[[.≈≈~≈≈.# #.......
......≈.@.≈.# ........
###...~>6s~.# #....###
#>..≈.4.≈.# #...# ##
.....≈≈~≈≈.# #... ..
##............ ..
#......#.(.... ..
##...#. #..###. #
##.### ..#


You could see Amaemon (weak-willed, magic disrupted), an orange demon
(weak-willed) and a scorpion (summoned, curare, weak-willed).

Vanquished Creatures
  A two-headed ogre (D:6)
  Sigmund (D:3)
  An ice beast (D:5)
  An ogre (D:4)
  2 centaurs (D:5)
  A gnoll sergeant (D:6)
  A necrophage (D:4)
  2 scorpions
  2 howler monkeys (D:8)
  3 jellies
  A hound (D:4)
  4 iguanas
  Ijyb (D:3)
  Terence (D:2)
  3 gnolls
  8 adders
  A shadow imp (D:6)
  2 white imps (D:5)
  2 worms
  4 dart slugs
  6 orcs
  3 endoplasms (D:4)
  A giant cockroach (D:3)
  8 goblins
  12 hobgoblins
  2 jackals (D:2)
  3 quokkas
  6 ball pythons
  2 bats
  4 frilled lizards
  7 kobolds
  6 rats
102 creatures vanquished.

Vanquished Creatures (others)
  A plant (D:3)
1 creature vanquished.

Grand Total: 103 creatures vanquished

Notes
Turn   | Place    | Note
-------+----------+-------------------------------------------
     0 | D:1      | mopl the Vine Stalker Brigand began the quest for the Orb.
     0 | D:1      | Reached XP level 1. HP: 11/11 MP: 2/2
    89 | D:1      | Reached skill level 2 in Short Blades
    89 | D:1      | Reached skill level 2 in Throwing
    89 | D:1      | Reached skill level 5 in Stealth
   194 | D:1      | Reached XP level 2. HP: 12/15 MP: 3/3
   439 | D:1      | Found a faded altar of an unknown god.
   672 | D:2      | Reached XP level 3. HP: 18/18 MP: 4/4
   789 | D:2      | Noticed Terence
   800 | D:2      | Killed Terence
   801 | D:2      | Gained mutation: Your natural rate of healing is unusually
                  | fast. [Vine Stalker growth]
   801 | D:2      | Reached XP level 4. HP: 18/23 MP: 5/5
  1388 | D:3      | Noticed Ijyb
  1414 | D:3      | Killed Ijyb
  1415 | D:3      | Reached skill level 3 in Short Blades
  1415 | D:3      | Reached skill level 3 in Throwing
  1415 | D:3      | Reached skill level 6 in Stealth
  1415 | D:3      | Reached XP level 5. HP: 26/26 MP: 1/6
  1485 | D:3      | Noticed Sigmund
  1513 | D:3      | Killed Sigmund
  1514 | D:3      | Reached XP level 6. HP: 30/30 MP: 5/7
  1529 | D:3      | Found a white marble altar of Elyvilon.
  1809 | D:4      | Reached skill level 7 in Stealth
  1923 | D:4      | Reached skill level 4 in Short Blades
  1923 | D:4      | Reached skill level 4 in Throwing
  1923 | D:4      | Reached XP level 7. HP: 34/34 MP: 8/8
  2273 | D:5      | Entered Level 5 of the Dungeon
  2286 | D:5      | Identified the +3 leather armour of Sobol {rC+}
  2502 | D:5      | Reached skill level 8 in Stealth
  2609 | D:5      | Learned a level 2 spell: Ensorcelled Hibernation
  2716 | D:5      | HP: 1/34 [scorpion (1)]
  2719 | D:5      | Gained mutation: You have razor-sharp teeth. [Vine Stalker
                  | growth]
  2719 | D:5      | Reached XP level 8. HP: 3/38 MP: 0/9
  2771 | D:5      | Reached skill level 5 in Short Blades
  2827 | D:5      | Reached skill level 5 in Throwing
  3027 | D:6      | Found a staircase to the Ecumenical Temple.
  3045 | Temple   | Entered the Ecumenical Temple
  3160 | Temple   | Became a worshipper of Kikubaaqudgha
  3215 | D:6      | Noticed a two-headed ogre
  3264 | D:6      | Killed a two-headed ogre
  3265 | D:6      | Reached skill level 2 in Fighting
  3265 | D:6      | Reached skill level 9 in Stealth
  3265 | D:6      | Reached skill level 1 in Spellcasting
  3265 | D:6      | Reached skill level 2 in Necromancy
  3275 | D:6      | Reached skill level 2 in Spellcasting
  3275 | D:6      | Reached XP level 9. HP: 7/43 MP: 1/13
  3534 | D:6      | You fall into a shaft and drop 2 floors!
  3558 | D:8      | Found a bloodstained altar of Trog.
  3572 | D:8      | Found a radiant altar of Vehumet.
  3607 | D:8      | Found a glowing silver altar of Zin.
  3702 | D:8      | Found a flagged portal.
  3722 | D:8      | Reached skill level 3 in Fighting
  3725 | D:8      | Noticed Amaemon
  3731 | D:8      | Noticed an orange demon
  3741 | D:8      | Succumbed to Amaemon's poison

Illustrated notes

Levels and vault maps discovered:
D:1:      dpeg_arrival_round_b, layout_basic,
          shapermc_ecumenical_altar_mp_highgroup, grunt_decor_mini_mirrors
D:2:      layout_rooms, uniq_terence
D:3:      layout_rooms, elyvilon_altar_5, serial_forest,
          infiniplex_forest_clump_small, infiniplex_forest_zigzag_1,
          infiniplex_forest_fountain, infiniplex_forest_zigzag_2,
          infiniplex_forest_clump_diagonal, infiniplex_forest_clump_small,
          grunt_decor_arrowhead, chequers_serial_rivers_room_a,
          kennysheep_generic_room_12, uniq_ijyb, uniq_sigmund
D:4:      layout_basic
D:5:      layout_rooms
D:6:      layout_rooms, jmf_multi_god_temple2, minmay_temple_entry_large_hall
D:8:      layout_loops_ring, mainiacjoe_overflow_alcove_2,
          mainiacjoe_overflow_catwalk_spiral, mainiacjoe_overflow_24_doors,
          enter_bailey_5, minmay_misc_feat_enclosed, moated_statue, uniq_amaemon
Temple:   nicolae_temple_figure_eight

Skill      XL: |  1  2  3  4  5  6  7  8  9 |
---------------+----------------------------+-----
Short Blades   | 2 3 4 5 |  5.8
Throwing       | 2 3 4 5 |  5.7
Stealth        | 5 6 7 8 9 |  9.4
Fighting       | 2 3 |  3.0
Spellcasting   | 2 |  2.3
Necromancy     | 2 |  2.3
Dodging        | |  0.7

Action                     |  1- 3 |  4- 6 |  7- 9 || total
---------------------------+-------+-------+-------++-------
  Melee: Dagger            |    61 |    86 |   239 ||   386
         Bite              |    10 |    24 |    89 ||   123
         Punch             |       |     2 |     5 ||     7
  Throw: Dart              |     6 |    15 |    11 ||    32
  Evoke: Wand              |       |       |     5 ||     5
    Use: Potion            |       |       |     1 ||     1
         Scroll            |       |       |     2 ||     2
   Stab: Sleeping          |     8 |     4 |     6 ||    18
         Distracted        |       |     2 |       ||     2
 Armour: Robe              |     6 |    17 |    59 ||    82
  Dodge: Dodged            |    22 |    42 |   123 ||   187

Table legend: (Time is in decaauts)
 A = Elapsed time spent in this place.
 B = Non-inter-level travel time spent in this place.
 C = Inter-level travel time spent in this place.
 D = Time resting spent in this place.
 E = Time spent auto-exploring this place.
 F = Levels seen in this place.
 G = Mean time per level.
                   A        B        C        D        E       F      G
               +--------+--------+--------+--------+--------+-----+--------+
         Total |   3658 |   3481 |    177 |    131 |   2289 |   8 |  457.2 |
       Dungeon |   3520 |   3357 |    163 |    131 |   2186 |   7 |  502.9 |
        Temple |    138 |    125 |     13 |      0 |    103 |   1 |  138.0 |
               +--------+--------+--------+--------+--------+-----+--------+

Top non-repeatable levels by time:
     D:5: 764 daAuts
     D:1: 661 daAuts
     D:3: 638 daAuts
     D:4: 489 daAuts
     D:2: 453 daAuts
     D:6: 314 daAuts
     D:8: 199 daAuts
  Temple: 138 daAuts
